Map: Rhoskallian LE

Players

Massa - Winner!

  • Race: Terran Terran
  • League: Platinum
  • Spawn Location: 11:00

qqq - Winner!

  • Race: Zerg Zerg
  • League: Platinum
  • Spawn Location: 12:00

Horus

  • Race: Terran Terran
  • League: Diamond
  • Spawn Location: 6:00

Kaukatsu

  • Race: Terran Terran
  • League: Diamond
  • Spawn Location: 5:00

VOD

Have the link to the VOD?

Description

Time

  • Played on: Jan. 1, 2021, 4:11 p.m.
  • Length: 17:37
Show
View Real Time Build Order
Export as new Build Order

Massa Terran - Winner!

Build Orders:  

Get SALT Encoding   

  12  0:00  SCV  
  13  0:12  SCV  
  14  0:19  Supply Depot  
  14  0:24  SCV  
  15  0:41  SCV  
  15  0:42  Barracks  
  16  0:47  Refinery  
  16  0:53  SCV  
  17  1:05  SCV  
  18  1:17  SCV  
  19  1:21  Supply Depot  
  19  1:28  Marine  
  20  1:33  Orbital Command  
  20  1:43  Supply Depot  
  20  1:46  Reaper  
  21  2:01  SCV  
  22  2:09  Command Center  
  22  2:13  SCV  
  23  2:22  Marine  
  23  2:27  Barracks  
  24  2:40  Marine  
  25  2:56  SCV  
  26  3:00  Barracks Tech Lab  
  26  3:07  Refinery  
  26  3:08  SCV  
  27  3:17  Factory  
  27  3:25  SCV  
  28  3:37  SCV  
  28  3:44  Stimpack  
  28  3:45  Marauder  
  28  3:47  Orbital Command  
  30  3:49  SCV  
  30  3:50  Marine  
  30  3:53  Barracks  
  30  3:55  Barracks  
  32  4:00  Factory Tech Lab  
  32  4:01  SCV  
  33  4:04  Starport  
  33  4:07  Engineering Bay  
  33  4:08  Marine  
  34  4:13  Marauder  
  34  4:15  SCV  
  37  4:17  SCV  
  38  4:25  Marine  
  38  4:27  Siege Tank  
  38  4:29  SCV x2  
  44  4:35  Marauder  
  46  4:41  SCV x2  
  46  4:43  Marine  
  49  4:49  Marine  
  49  4:50  Marine  
  51  4:53  SCV  
  51  4:54  SCV  
  51  4:58  Refinery  
  53  5:00  Refinery  
  53  5:01  Supply Depot  
  53  5:05  SCV  
  53  5:06  Supply Depot  
  54  5:08  Missile Turret  
  54  5:12  Supply Depot  
  54  5:23  Widow Mine, Marauder, Viking  
  54  5:28  Missile Turret  
  60  5:31  Marine x3  
  63  5:44  Marauder  
  65  5:58  Viking  
  67  6:06  Marauder  
  63  6:24  Siege Tank  
  60  6:28  Medivac  
  60  6:31  Marine x3  
  54  6:56  Siege Tank  
  54  6:58  Viking  
  51  7:08  Marine  
  51  7:09  Marine  
  51  7:13  Barracks Tech Lab  
  53  7:20  Supply Depot  
  53  7:21  Barracks  
  53  7:28  Siege Tank  
  56  7:30  Starport, Starport Reactor  
  56  7:32  Starport x2  
  56  7:33  Terran Infantry Weapons Level 1  
  56  7:34  Marine  
  56  7:35  Marauder, Marine  
  60  7:40  Combat Shield  
  60  7:52  Marine x2  
  60  7:55  Supply Depot  
  60  7:56  Marine  
  63  7:59  Armory  
  63  8:10  Marine  
  63  8:11  SCV  
  63  8:12  SCV  
  66  8:14  Marauder  
  66  8:18  Barracks Tech Lab  
  66  8:19  Supply Depot  
  68  8:23  Starport Tech Lab  
  68  8:24  SCV x2, Starport Reactor, Starport Tech Lab  
  68  8:26  Viking x2  
  74  8:36  SCV x2  
  74  8:39  Concussive Shells  
  76  8:49  Engineering Bay  
  76  8:56  Raven x2  
  76  8:59  Viking x2  
  76  9:01  Viking  
  86  9:04  Command Center  
  86  9:07  Viking  
  88  9:10  SCV x2  
  90  9:22  SCV x2  
  92  9:27  Terran Infantry Armor Level 1  
  92  9:35  Supply Depot  
  92  9:46  Command Center  
  92  9:57  Supply Depot  
  92  10:21  Orbital Command, Supply Depot  
  92  10:22  SCV x2  
  94  10:30  Raven x2  
  94  10:32  Corvid Reactor  
  94  10:34  SCV, Cloaking Field  
  94  10:35  SCV  
  100  10:36  Viking x2  
  100  10:37  Viking x2  
  100  10:38  Marauder, Marine x2  
  112  10:44  Supply Depot  
  112  10:47  SCV  
  113  11:08  Supply Depot  
  96  11:31  Siege Tank, Supply Depot  
  89  11:33  Viking x4  
  89  11:36  Marauder  
  89  11:37  Marauder, Marine x2  
  98  11:55  Marine  
  98  11:58  Marauder x2  
  97  12:03  Siege Tank  
  89  12:49  Marauder x2, Marine x2  
  89  12:50  Viking  
  89  12:51  Viking x3  
  95  13:07  Marine  
  95  13:10  Marauder x2  
  99  13:13  Siege Tank  
  102  13:28  Marine  
  102  13:30  Barracks Reactor  
  102  13:32  Marauder x2  
  107  13:34  SCV  
  107  13:35  SCV x2  
  107  13:37  Refinery  
  107  13:38  Refinery  
  108  13:45  Siege Tank  
  108  13:46  SCV  
  108  13:47  SCV  
  113  13:51  Liberator x2  
  113  13:53  Banshee, Marauder x2  
  126  13:59  Command Center  
  126  14:11  Banshee  
  126  14:14  Marauder  
  134  14:17  Siege Tank  
  134  14:35  Banshee  
  133  14:49  Siege Tank  
  115  15:17  Marauder, Marine  
  115  15:18  Marauder  
  115  15:21  Siege Tank  
  90  15:23  Barracks x2, Planetary Fortress  
  90  15:24  Barracks  
  90  15:25  Orbital Command, Barracks  
  90  15:26  SCV, Barracks  
  90  15:27  SCV x2, Barracks  
  90  15:28  Barracks  
  79  15:38  SCV  
  79  15:39  SCV x2, Marauder x2  
  86  15:51  SCV x2  
  86  15:53  Siege Tank  
  87  16:00  Marauder x2  
  88  16:07  Marine x3  
  89  16:15  Marine x2  
  89  16:16  Marine x2  
  89  16:18  Barracks x2  
  90  16:19  Medivac x2  
  90  16:20  Raven, Medivac x2  
  90  16:21  Marauder  
  90  16:22  Marauder  
  90  16:24  Marine  
  90  16:25  Marine x2  
  104  16:33  Marine x2  
  104  16:34  Marine x2  
  107  16:42  Marine  
  107  16:43  Marauder x2, Marine x2  
  104  16:51  Marine x3  
  104  16:52  Viking x2  
  104  16:53  Viking  
  111  16:54  Viking x2  
  111  17:00  SCV x5, Marine  
  111  17:01  Marine x2  
  123  17:04  Marauder  
  123  17:05  Marauder  
  127  17:12  SCV x4  
  127  17:13  SCV  
  132  17:18  Marine  
  133  17:24  SCV x3  
  133  17:25  SCV  
Show
View Real Time Build Order
Export as new Build Order

qqq Zerg - Winner!

Build Orders: Hatch First, Lurkers 

Get SALT Encoding   

  12  0:00  Drone  
  13  0:08  Drone  
  14  0:18  Overlord  
  14  0:45  Hatchery  
  13  0:51  Drone  
  13  0:53  Drone  
  15  0:57  Drone  
  16  1:14  Drone  
  16  1:15  Drone  
  18  1:32  Spawning Pool  
  17  1:33  Extractor  
  17  1:34  Drone  
  17  1:35  Drone  
  18  1:47  Drone  
  19  1:57  Drone  
  20  2:08  Drone  
  21  2:09  Overlord  
  21  2:11  Drone  
  22  2:21  Queen  
  22  2:22  Queen  
  26  2:34  Zergling x2  
  26  2:35  Zergling x2  
  26  2:36  Drone x2  
  30  2:38  Metabolic Boost  
  30  2:43  Drone  
  30  2:45  Zergling x2  
  31  2:52  Drone  
  31  2:56  Drone  
  33  2:58  Extractor  
  33  3:03  Drone  
  33  3:04  Drone  
  34  3:13  Drone  
  34  3:14  Drone  
  36  3:29  Overlord  
  36  3:31  Overlord  
  36  3:39  Overlord x2  
  36  3:40  Overlord  
  34  3:51  Hatchery  
  34  3:52  Zergling x4  
  34  3:53  Drone x2  
  36  4:03  Zergling x4  
  38  4:10  Extractor, Lair  
  38  4:11  Drone  
  38  4:20  Zergling x2  
  38  4:22  Zergling x2  
  40  4:30  Drone  
  41  4:32  Drone, Baneling Nest  
  41  4:38  Drone x2  
  42  4:40  Overlord x2  
  43  4:49  Drone  
  43  5:09  Zergling x8  
  43  5:10  Zergling x2  
  43  5:11  Drone x4  
  43  5:12  Drone  
  50  5:15  Hatchery  
  50  5:21  Overlord  
  48  5:22  Drone  
  48  5:23  Drone  
  48  5:28  Zergling x2  
  51  5:29  Zergling x4  
  51  5:30  Zergling x2  
  47  6:04  Infestation Pit  
  47  6:06  Drone x5  
  47  6:07  Drone x2, Hydralisk Den  
  47  6:10  Zergling x6  
  47  6:11  Zergling x6  
  58  6:24  Zergling x2  
  59  6:25  Drone  
  59  6:31  Baneling x5  
  59  6:33  Centrifical Hooks  
  59  6:38  Zergling x2  
  59  6:39  Zergling x6, Evolution Chamber  
  62  6:41  Evolution Chamber  
  61  6:51  Zergling x4  
  61  6:52  Zergling x12  
  64  7:10  Zergling x4  
  64  7:11  Zergling x6  
  64  7:12  Drone x4  
  64  7:13  Drone  
  73  7:21  Hive  
  73  7:36  Baneling x5  
  73  7:37  Drone x6  
  73  7:38  Hydralisk  
  73  7:39  Hydralisk x2  
  73  7:42  Zerg Melee Weapons Level 1  
  73  7:43  Zerg Ground Armor Level 1  
  84  7:45  Muscular Augments  
  84  7:49  Extractor  
  83  7:52  Queen  
  85  8:03  Baneling x4  
  85  8:05  Drone x2  
  87  8:20  Drone x2  
  87  8:21  Hydralisk x4  
  97  8:29  Lurker Den  
  97  8:31  Hatchery  
  95  8:35  Pneumatized Carapace  
  95  8:42  Drone x2, Ultralisk Cavern  
  95  8:45  Overlord x3  
  95  8:46  Overlord  
  96  8:56  Grooved Spines  
  96  8:57  Drone  
  97  9:04  Drone  
  97  9:05  Viper x2  
  104  9:10  Viper  
  104  9:14  Zergling x10  
  104  9:15  Zergling x4  
  114  9:18  Extractor  
  114  9:19  Extractor  
  109  9:46  Hatchery  
  109  9:50  Baneling x5  
  109  9:51  Anabolic Synthesis  
  108  9:55  Zergling x12  
  108  10:15  Overseer  
  108  10:23  Evolution Chamber  
  108  10:24  Spore Crawler  
  108  10:26  Spine Crawler  
  108  10:27  Drone x2  
  107  10:29  Drone x6  
  107  10:31  Ultralisk x2  
  107  10:34  Zergling x4, Chitinous Plating  
  127  10:53  Baneling  
  127  10:54  Baneling x8  
  127  10:55  Baneling x4  
  127  10:56  Baneling  
  127  10:59  Drone x4  
  90  11:41  Ultralisk x2  
  90  11:42  Zergling x4, Ultralisk  
  90  11:43  Zergling x2  
  90  11:44  Drone x3  
  112  11:50  Queen  
  112  11:51  Drone x3  
  117  11:58  Hatchery  
  116  12:05  Lurker  
  116  12:06  Lurker x4  
  116  12:08  Hydralisk  
  121  12:12  Drone x2  
  121  12:13  Hydralisk  
  121  12:15  Overlord x2  
  127  12:18  Hatchery  
  127  12:20  Hydralisk  
  128  12:25  Overseer x2  
  120  12:40  Zergling x4, Ultralisk  
  120  12:41  Zergling x4  
  120  12:42  Drone x3  
  133  12:45  Baneling x2  
  133  12:46  Baneling  
  133  12:49  Zerg Melee Weapons Level 2  
  133  12:51  Zerg Missile Weapons Level 1  
  133  13:01  Drone  
  133  13:02  Drone x2  
  133  13:03  Drone  
  133  13:04  Drone  
  138  13:13  Spore Crawler  
  137  13:21  Ultralisk x2  
  137  13:22  Hatchery, Overlord  
  137  13:23  Overlord x3  
  137  13:25  Drone  
  149  13:40  Extractor  
  148  13:41  Zergling x6  
  148  13:42  Zergling x2  
  148  13:43  Drone x4, Extractor  
  148  13:44  Drone x2  
  111  14:22  Zergling x6, Ultralisk x4  
  111  14:23  Zergling x4  
  131  14:24  Drone x3  
  131  14:25  Drone x3  
  131  14:29  Drone x3  
  140  14:37  Ultralisk  
  140  14:38  Zergling x4  
  148  14:39  Drone x2  
  148  14:44  Hydralisk  
  148  14:45  Zerg Ground Armor Level 2, Hydralisk x2  
  156  14:46  Drone x3  
  159  14:55  Drone  
  159  14:57  Extractor  
  159  14:59  Extractor  
  158  15:05  Zerg Missile Weapons Level 2  
  158  15:06  Spine Crawler  
  149  15:11  Ultralisk x2  
  149  15:12  Zergling x8  
  149  15:13  Drone x4  
  149  15:14  Drone x2  
  159  15:17  Spine Crawler  
  159  15:18  Spine Crawler x2, Lurker  
  159  15:20  Spine Crawler  
  156  15:30  Drone  
  156  15:31  Drone x2  
  156  15:33  Extractor  
  156  15:34  Extractor, Ultralisk  
  149  15:35  Spine Crawler  
  149  15:36  Spine Crawler  
  149  15:40  Hatchery  
  129  15:47  Seismic Spines  
  119  15:50  Ultralisk  
  119  15:52  Zergling x8  
  119  15:53  Drone x3  
  117  16:13  Ultralisk x2  
  117  16:14  Zergling x8  
  117  16:15  Zergling x4  
  117  16:16  Drone x4  
  139  16:21  Drone x2  
  139  16:22  Zergling x4  
  129  16:35  Hydralisk  
  129  16:36  Hydralisk x6  
  129  16:38  Zergling x6  
  142  16:45  Extractor  
  138  16:57  Zergling x8  
  138  16:59  Drone x5  
  138  17:00  Drone x3  
  149  17:06  Lurker x6  
Show
View Real Time Build Order
Export as new Build Order

Horus Terran 

Build Orders:  

Get SALT Encoding   

  12  0:00  SCV  
  13  0:17  Supply Depot  
  13  0:19  SCV  
  14  0:31  SCV  
  15  0:42  Barracks  
  15  0:44  SCV  
  15  0:47  Refinery  
  16  0:51  Refinery  
  16  1:00  SCV  
  17  1:13  SCV  
  18  1:25  SCV  
  19  1:35  Factory  
  19  1:37  Orbital Command  
  19  1:45  Barracks Tech Lab  
  19  1:59  Supply Depot  
  19  2:03  SCV  
  20  2:15  SCV  
  21  2:21  Barracks Reactor  
  21  2:27  SCV  
  22  2:39  SCV  
  23  2:46  Siege Tank  
  23  2:49  Command Center  
  23  2:51  Refinery  
  26  3:00  Marine  
  26  3:01  Starport  
  26  3:04  Marine  
  28  3:07  SCV  
  29  3:19  SCV  
  29  3:24  Siege Tank  
  31  4:13  Supply Depot  
  31  4:18  SCV, Liberator x2  
  31  4:19  Supply Depot  
  31  4:20  Marine  
  31  4:21  Engineering Bay  
  39  4:26  Hellion  
  39  4:27  Orbital Command  
  39  4:30  SCV  
  42  4:38  Marine  
  42  4:42  SCV  
  44  4:52  Cyclone  
  47  4:54  SCV  
  47  4:56  Marine  
  49  5:14  Marine  
  50  5:26  SCV x2  
  52  5:32  Marine  
  53  5:38  SCV x2  
  55  5:49  Marine  
  53  5:50  SCV  
  53  5:54  Siege Tank  
  53  5:56  SCV  
  59  6:01  Missile Turret  
  59  6:02  SCV  
  60  6:05  Viking  
  60  6:06  Factory  
  60  6:07  Marine  
  60  6:08  SCV  
  64  6:14  SCV  
  62  6:20  SCV  
  62  6:25  Marine  
  61  6:41  Siege Tank  
  61  6:42  Viking x2  
  61  6:43  Marine  
  69  6:50  SCV x2  
  69  6:54  Supply Depot  
  67  6:56  Factory Tech Lab  
  67  7:01  Marine  
  62  7:02  SCV x2  
  62  7:03  Armory  
  57  7:12  Viking  
  59  7:17  Hellion x2  
  59  7:19  Marine  
  64  7:27  Refinery  
  63  7:36  Marine  
  60  7:39  Hellion x2  
  64  7:50  SCV x2  
  66  7:54  Marine  
  66  7:55  Terran Vehicle Weapons Level 1  
  66  7:56  Armory  
  67  8:02  SCV x2  
  67  8:03  Factory  
  69  8:06  Missile Turret, Siege Tank  
  69  8:09  Hellion  
  74  8:14  SCV  
  74  8:16  Missile Turret  
  74  8:19  Missile Turret  
  75  8:27  Command Center  
  75  8:28  Missile Turret  
  75  8:39  Barracks Tech Lab  
  75  8:40  Viking  
  77  8:46  Supply Depot  
  77  8:48  Terran Vehicle And Ship Armor Level 1, Supply Depot  
  77  8:49  Viking  
  79  8:57  SCV x2, Factory  
  81  9:09  Barracks Tech Lab, SCV  
  82  9:10  Supply Depot  
  82  9:11  Supply Depot  
  82  9:12  Supply Depot  
  82  9:19  Smart Servos  
  70  9:42  Siege Tank x2  
  70  9:44  Factory Reactor  
  74  9:49  Siege Tank  
  77  10:05  Viking x2  
  81  10:14  Siege Tank  
  84  10:26  Terran Vehicle Weapons Level 2  
  84  10:31  Hellion x4  
  84  10:33  Planetary Fortress  
  92  10:46  Refinery, Hellion  
  94  10:50  SCV  
  94  10:51  SCV  
  96  11:03  SCV x2, Siege Tank x2  
  106  11:04  Hellion x2  
  102  11:23  Thor  
  93  11:41  SCV x3  
  96  11:50  Missile Turret  
  96  11:52  Missile Turret  
  90  12:09  Thor x3  
  90  12:10  Hellion x2  
  109  12:17  Supply Depot  
  101  12:31  Hellion  
  92  12:47  Viking x2  
  83  12:57  Siege Tank  
  86  12:59  SCV x2  
  86  13:00  SCV  
  89  13:06  Refinery  
  89  13:10  Thor  
  89  13:11  SCV  
  102  13:12  Hellion  
  102  13:13  Hellion x2  
  102  13:16  Viking  
  102  13:17  Viking  
  106  13:46  Viking  
  106  13:47  Viking, Siege Tank x2  
  116  14:21  Viking, Supply Depot  
  116  14:22  Viking, Supply Depot  
  116  14:23  Siege Tank x2  
  126  14:24  Hellion x2  
  126  14:25  Hellion  
  126  14:30  SCV x3  
  135  14:38  Refinery, Command Center  
  135  14:42  SCV  
  134  14:51  Viking  
  136  14:53  Siege Tank  
  136  14:54  Hellion x2  
  136  14:55  Siege Tank x2  
  135  15:25  Hellion x2, Siege Tank  
  135  15:27  Siege Tank x2  
  111  15:57  Siege Tank  
  111  15:59  Marine  
  111  16:03  Siege Tank x2  
  123  16:04  Hellion x2  
  119  16:17  Marine  
  112  16:26  Hellion  
  112  16:29  Siege Tank  
  112  16:31  Factory  
  109  16:35  Marine  
  109  16:39  Hellion x3  
  104  16:53  Marine  
  99  16:59  Hellion  
  99  17:00  Hellion x2  
  97  17:10  Marine  
Show
View Real Time Build Order
Export as new Build Order

Kaukatsu Terran 

Build Orders:  

Get SALT Encoding   

  12  0:01  SCV  
  13  0:13  SCV  
  14  0:19  Supply Depot  
  14  0:25  SCV  
  15  0:40  SCV  
  16  0:43  Refinery  
  16  0:50  Barracks  
  16  0:53  SCV  
  17  1:05  SCV  
  18  1:17  SCV  
  19  1:37  Orbital Command  
  20  1:40  Reaper  
  20  1:54  Command Center  
  20  2:12  Factory  
  20  2:24  SCV  
  20  2:27  Refinery  
  20  2:28  Barracks Reactor, Supply Depot  
  21  2:36  SCV  
  21  2:48  SCV  
  22  2:59  Starport  
  22  3:00  SCV  
  23  3:06  Marine x2  
  26  3:12  SCV  
  25  3:30  Barracks  
  25  3:35  SCV, Barracks  
  26  3:46  Orbital Command  
  26  3:50  Starport Reactor  
  26  3:52  Factory Tech Lab  
  26  4:02  SCV  
  27  4:08  Engineering Bay  
  27  4:10  Marine x2  
  27  4:14  SCV  
  27  4:15  SCV  
  31  4:20  Siege Tank  
  31  4:24  Barracks Tech Lab  
  34  4:25  Barracks Reactor  
  34  4:27  SCV  
  34  4:29  SCV  
  36  4:33  Medivac  
  36  4:38  Medivac  
  40  4:44  SCV x2  
  42  4:52  Missile Turret  
  42  4:53  Missile Turret  
  42  4:54  Marine x3  
  45  5:01  Stimpack  
  41  5:19  SCV x2  
  43  5:24  Marine x3  
  43  5:27  Bunker  
  46  5:42  Supply Depot  
  46  6:04  SCV x2, Marine x3, Medivac  
  53  6:14  Marine  
  53  6:15  Marine  
  53  6:16  SCV x2  
  54  6:21  Marine  
  54  6:52  SCV, Marine  
  54  6:59  Marine  
  54  7:00  Marine x2  
  54  7:01  Marine  
  53  7:10  Marine, Siege Tank  
  52  7:16  SCV x2  
  52  7:18  Combat Shield  
  52  7:19  Marine  
  54  7:38  Refinery x2  
  54  7:40  Supply Depot  
  54  7:46  Terran Infantry Weapons Level 1  
  54  7:52  Supply Depot  
  54  7:57  Command Center  
  54  8:02  Marine x5, Siege Tank  
  54  8:03  Engineering Bay  
  62  8:06  Armory  
  62  8:13  SCV x2  
  62  8:15  Supply Depot  
  62  8:19  Marine x5  
  64  8:25  SCV  
  70  8:33  Terran Infantry Armor Level 1  
  70  8:37  SCV, Medivac x2, Siege Tank  
  70  8:39  Supply Depot  
  78  8:43  Supply Depot  
  78  8:48  Supply Depot  
  78  8:50  Barracks  
  78  9:00  SCV x2, Marine x3  
  83  9:09  Siege Tank  
  86  9:11  Marine x2  
  86  9:12  SCV x2  
  90  9:18  Marine x3  
  93  9:25  SCV x2  
  93  9:29  Marine x2  
  97  9:36  Marine x3  
  97  9:37  SCV  
  101  9:41  Siege Tank  
  104  9:46  Marine  
  104  9:47  Marine  
  106  9:54  Marine x3  
  106  10:04  Marine x2  
  106  10:11  Marine x2  
  106  10:13  Siege Tank  
  102  10:15  Viking x2  
  102  10:17  Planetary Fortress  
  106  10:22  SCV x2  
  106  10:25  Terran Infantry Weapons Level 2  
  106  10:27  Terran Vehicle Weapons Level 1  
  108  10:34  SCV x2  
  110  10:44  Marine x5  
  110  10:45  Viking  
  110  10:46  Barracks Reactor  
  110  10:48  Viking  
  117  10:54  Barracks  
  117  10:56  Missile Turret  
  115  10:59  Missile Turret  
  115  11:01  Missile Turret  
  115  11:10  Missile Turret  
  91  11:37  Marauder, Marine x6  
  76  11:40  Viking  
  76  11:41  Viking  
  76  11:43  Siege Tank  
  76  11:46  SCV x3  
  80  11:54  Marine  
  80  11:55  Marine x5  
  80  11:58  SCV, Marine  
  88  12:04  SCV x2  
  88  12:08  Refinery, Marine  
  91  12:09  Refinery  
  91  12:10  Terran Infantry Armor Level 2, SCV, Viking  
  91  12:11  Viking  
  91  12:12  Marine  
  91  12:13  Marine x2  
  99  12:16  SCV, Siege Tank  
  103  12:35  Marauder  
  100  12:37  Barracks Tech Lab  
  100  12:39  Marine  
  100  12:40  Marine x5, Viking  
  108  12:49  Siege Tank  
  111  12:56  Marauder  
  111  12:57  Marine  
  105  13:18  Marauder  
  103  13:21  Marauder, Marine x6, Siege Tank  
  103  13:24  Viking  
  116  13:33  Starport  
  116  13:37  Terran Infantry Weapons Level 3  
  116  13:40  Terran Vehicle Weapons Level 2  
  116  13:54  Marauder  
  116  13:55  Marauder  
  117  13:56  Siege Tank  
  117  13:59  Viking x2  
  111  14:15  Marauder  
  111  14:17  Marauder  
  96  14:28  Marine x2  
  96  14:29  Marine, Viking  
  101  14:35  Command Center  
  101  15:05  Marauder x2  
  91  15:09  Marine  
  91  15:10  Marine x5  
  84  15:20  Siege Tank  
  74  15:26  SCV, Marauder x2  
  74  15:27  Marine  
  74  15:28  Marine x2  
  77  15:48  Marauder x2  
  77  15:49  Marine x6  
  87  15:59  Planetary Fortress  
  87  16:01  SCV  
  88  16:07  Marine  
  83  16:18  Medivac x2  
  82  16:29  Marine  
  82  16:30  Marine x7  
  84  16:47  Marine  
  84  16:48  Marine x4, Medivac  
  84  16:51  Liberator  
  78  17:04  Marauder x2, Marine  
  78  17:05  Marine x2  
  78  17:06  Marine  
Tags
 
Add a new tag
Caveats
  • Supply blocks, unpowered buildings, or Contaminate may cause inaccurate times.
  • Supply counts are checked every 10 seconds.